Map: Catalyst LE

Players

Iceman

  • Race: Zerg Zerg
  • League: Diamond
  • Spawn Location: 11:00

ADTank - Winner!

  • Race: Protoss Protoss
  • League: Diamond
  • Spawn Location: 5:00

VOD

Have the link to the VOD?

Description

Time

  • Played on: Nov. 23, 2017, 5:14 a.m.
  • Length: 9:12
Show
View Real Time Build Order
Export as new Build Order

Iceman Zerg 

Build Orders: Hatch First 

Get SALT Encoding   

  12  0:01  Drone  
  13  0:13  Overlord  
  13  0:22  Drone  
  14  0:31  Drone x2  
  16  0:37  Drone  
  17  0:54  Hatchery  
  16  0:57  Drone  
  16  1:00  Drone  
  18  1:11  Extractor  
  18  1:17  Spawning Pool  
  16  1:20  Drone  
  16  1:22  Drone  
  18  1:28  Drone  
  19  1:38  Overlord  
  19  2:04  Zergling x4  
  19  2:05  Queen x2  
  19  2:07  Drone  
  26  2:11  Drone  
  27  2:19  Roach Warren  
  26  2:24  Zergling x2  
  27  2:30  Spine Crawler  
  27  2:36  Zergling x4  
  28  3:00  Roach x4  
  36  3:17  Overlord x2  
  36  3:27  Overlord  
  36  3:32  Overlord  
  36  3:36  Roach x2  
  36  3:40  Roach  
  42  3:43  Roach  
  44  3:49  Roach  
  44  3:53  Roach  
  48  3:59  Metabolic Boost  
  48  4:02  Drone  
  49  4:21  Drone x3  
  49  4:22  Overlord  
  52  4:30  Overlord  
  52  4:33  Overlord  
  52  4:40  Extractor, Drone  
  52  4:41  Drone  
  50  4:54  Drone x4  
  52  5:01  Drone x3  
  52  5:04  Drone  
  56  5:08  Drone  
  56  5:11  Extractor  
  56  5:12  Drone  
  57  5:14  Drone  
  58  5:22  Zergling x4, Evolution Chamber  
  58  5:28  Spore Crawler  
  58  5:32  Overlord  
  58  5:33  Overlord  
  58  5:35  Drone  
  58  5:37  Drone  
  58  5:39  Drone  
  61  5:43  Drone  
  61  5:48  Ravager  
  61  5:49  Ravager x3  
  66  5:58  Roach x3  
  72  6:05  Roach x2  
  72  6:07  Roach  
  72  6:10  Roach  
  73  6:26  Drone x4  
  73  6:30  Roach x2  
  79  6:34  Overlord  
  73  6:49  Overlord x2  
  73  6:54  Queen  
  71  6:59  Roach x2  
  71  7:03  Ravager x2  
  71  7:04  Zergling x4  
  75  7:12  Zergling x4  
  75  7:17  Roach  
  75  7:22  Zergling x6  
  74  7:25  Roach  
  67  7:34  Zergling x2  
  67  7:35  Zergling x2  
  66  7:42  Queen x2  
  69  7:44  Zergling x2  
  67  7:54  Drone  
  65  7:59  Roach x2  
  69  8:05  Zergling x2  
  69  8:07  Zergling x2  
  69  8:12  Spine Crawler  
  70  8:13  Spine Crawler  
  70  8:17  Roach  
  70  8:20  Zergling x2  
  61  8:27  Zergling x2  
  61  8:30  Roach  
  61  8:43  Zergling x4  
  49  8:52  Roach x2  
Show
View Real Time Build Order
Export as new Build Order

ADTank Protoss - Winner!

Build Orders: Blink Stalkers 

Get SALT Encoding   

  12  0:01  Probe  
  13  0:13  Probe  
  14  0:18  Pylon  
  14  0:25  Probe (Chrono Boost)  
  15  0:37  Probe (Chrono Boost)  
  15  0:41  Gateway  
  16  0:46  Probe (Chrono Boost)  
  16  0:49  Assimilator  
  17  0:53  Probe  
  18  0:57  Assimilator  
  18  1:05  Probe (Chrono Boost)  
  19  1:17  Probe (Chrono Boost)  
  20  1:25  Gateway  
  21  1:27  Probe (Chrono Boost)  
  21  1:29  Cybernetics Core  
  22  1:32  Probe  
  22  1:44  Probe  
  23  1:49  Pylon  
  23  2:07  Adept, Probe  
  26  2:10  Warp Gate  
  26  2:12  Adept  
  26  2:13  Twilight Council  
  28  2:35  Pylon, Stalker  
  30  2:50  Blink (Chrono Boost)  
  30  2:52  Stalker  
  30  2:55  Pylon  
  32  3:03  Gateway  
  32  3:20  Stalker  
  34  3:36  Stalker  
  34  3:40  Pylon  
  36  3:49  Gateway  
  36  3:53  Stalker  
  38  4:10  Gateway  
  38  4:34  Stalker  
  38  4:35  Stalker  
  42  4:44  Pylon  
  42  4:58  Stalker x3  
  46  5:04  Pylon  
  46  5:13  Stalker  
  48  5:24  Stalker  
  48  5:25  Stalker  
  48  5:27  Stalker  
  54  5:33  Pylon  
  54  5:38  Stalker  
  56  5:49  Pylon  
  56  5:51  Stalker x2  
  56  5:56  Stalker  
  58  6:36  Stalker x4  
  66  7:01  Stalker x4  
  64  7:41  Stalker x4  
  72  8:04  Stalker x3  
  78  8:08  Pylon  
  66  9:07  Stalker  
  66  9:08  Stalker x3  
Tags
 
Composition
Blink Stalkers
Matchup
PvZ
Spawn Locations
Cross Positions
Add a new tag
Caveats
  • Supply blocks, unpowered buildings, or Contaminate may cause inaccurate times.
  • Supply counts are checked every 10 seconds.